 Dungeon Crawl Stone Soup version 0.26.0-10-g1f06aea511 (webtiles) character file.

Game seed: 1728744431744633130

104253 Borgoz the Carver (level 16, 0/144 HPs)
             Began as a Ghoul Gladiator on Jan 14, 2021.
             Was a High Priest of Ashenzari.
             Killed from afar by a fire giant (29 damage)
             ... with a fireball
             ... on level 15 of the Dungeon.
             The game lasted 00:46:16 (21874 turns).

Borgoz the Carver (Ghoul Gladiator)                Turns: 21874, Time: 00:46:16

Health: 0/144      AC: 27    Str: 36    XL:     16   Next: 38%
Magic:  15/15      EV: 21    Int:  1    God:    Ashenzari [*****.]
Gold:   1911       SH:  5    Dex: 15    Spells: 12/15 levels left

rFire    . . .     SeeInvis +   a - +6 great sword (curse)
rCold    + . .     Faith    .   (shield currently unavailable)
rNeg     + + +     Spirit   .   o - +5 ring mail {Will+}
rPois    ∞         Reflect  +   m - +2 helmet of Ogaurphifetz {Regen+} (curse)
rElec    .         Harm     .   i - +2 cloak {rPois}
rCorr    .         Rampage  .   D - +0 pair of gloves {archery}
Will     ++...     Clarity  +   e - +1 pair of boots
Stlth    +.........             C - amulet of Hukaischu {Reflect *Contam rN++ Str+10 Int-2 SH+5} (curse)
HPRegen  0.00/turn              w - +6 ring of strength
MPRegen  0.14/turn              A - +4 ring of protection

@: no status effects
A: claws 1, cold resistance 1, negative energy resistance 3, inhibited
regeneration, torment resistance, unbreathing
a: Renounce Religion, Curse Item, Scrying, Transfer Knowledge


You were on level 15 of the Dungeon.
You worshipped Ashenzari.
Ashenzari was extremely pleased with you.
You visited 3 branches of the dungeon, and saw 22 of its levels.
You also visited: Ossuary and Ice Cave.

You collected 2001 gold pieces.
You spent 90 gold pieces at shops.

Inventory:

Hand Weapons
 a - a cursed +6 great sword (weapon)
 E - a +4 scimitar of flaming
Missiles
 d - 6 throwing nets (quivered)
Armour
 e - a +1 pair of boots (worn)
 i - a +2 cloak of poison resistance (worn)
 m - the cursed +2 helmet of Ogaurphifetz (worn) {Regen+}
   (You took it off Robin on level 2 of the Dungeon)

   It increases your rate of regeneration.
   It has a curse placed upon it.
 o - a +5 ring mail of willpower (worn)
 D - a +0 pair of gloves of archery (worn)
Jewellery
 w - a +6 ring of strength (left hand)
 y - an uncursed ring of resist corrosion
 A - a +4 ring of protection (right hand)
 C - the cursed amulet of Hukaischu (around neck) {Reflect *Contam rN++ Str+10 Int-2 SH+5}
   (You found it in an ice cave)

   [amulet of reflection]

   It shields you and reflects attacks.
   It affects your strength (+10).
   It affects your intelligence (-2).
   It greatly protects you from negative energy.
   It causes magical contamination when unequipped.
   It affects your SH (+5).
   It has a curse placed upon it.
Wands
 k - a wand of digging (12)
 q - a wand of acid (20)
 s - a wand of flame (33)
 v - a wand of disintegration (9)
 x - a wand of iceblast (13)
 B - a wand of paralysis (21)
Scrolls
 c - 2 scrolls of blinking
 g - a scroll of fear
 h - 8 scrolls of teleportation
 j - 6 scrolls of remove curse
 l - 3 scrolls of magic mapping
 n - a scroll of summoning
 p - a scroll of torment
 r - a scroll of identify
Potions
 b - 3 potions of brilliance
 f - 10 potions of curing
 t - 3 potions of cancellation
 u - 3 potions of flight
 z - a potion of haste


   Skills:
 + Level 13.3 Fighting
 * Level 14.0(18.7) Long Blades
 - Level 1.7 Throwing
 * Level 10.7 Armour
 * Level 13.9 Dodging
 - Level 5.0 Shields
 - Level 5.0 Evocations


You had 12 spell levels left.
You knew the following spells:

 Your Spells              Type           Power        Failure   Level
a - Confusing Touch       Hex            0%           95%         3

Your spell library contained the following spells:

 Spells                   Type           Power        Failure   Level
 Animate Skeleton         Necr           0%           65%         1
 Apportation              Tloc           0%           65%         1
 Corona                   Hex            0%           65%         1
 Freeze                   Ice            0%           65%         1
 Summon Small Mammal      Summ           0%           65%         1
 Frozen Ramparts          Ice            0%           95%         3
 Gell's Gravitas          Tloc           0%           95%         3
 Ozocubu's Armour         Ice            0%           95%         3
 Hailstorm                Conj/Ice       0%           100%        4
 Petrify                  Tmut/Erth      0%           100%        4
 Summon Ice Beast         Ice/Summ       0%           100%        4
 Metabolic Englaciation   Hex/Ice        0%           100%        5
 Yara's Violent Unravell  Hex/Tmut       0%           100%        5


Dungeon Overview and Level Annotations

Branches:
Dungeon (15/15)            Temple (1/1) D:7            Lair (6/6) D:11
 Shoals (0/4) Lair:2       Spider (0/4) Lair:3        Slime (0/5) Lair:6
    Orc (0/2) D:9          Vaults (0/5) D:13         Depths (0/5) D:15
Ossuary (visited)           IceCv (visited)

Altars:
Ashenzari
Cheibriados
Dithmenos
Elyvilon
Fedhas
Gozag
Hepliaklqana
Kikubaaqudgha
Makhleb
Nemelex Xobeh
Okawaru
Qazlal
Ru
Sif Muna
Trog
Uskayaw
Vehumet
Wu Jian
Xom
Yredelemnul
Zin
The Shining One

Shops:
D:4 *   D:5 ?   D:6 :


Innate Abilities, Weirdness & Mutations

You thrive by killing the living.
You are immune to poison.
You have sharp fingernails.
Your flesh is cold resistant. (rC+)
You are immune to negative energy. (rN+++)
You do not regenerate when monsters are visible.
You are immune to unholy pain and torment.
You can survive without breathing.


Message History

That beam is likely to hit you.
Continue anyway?
Okay, then.
The fire giant points at you and mumbles some strange words.
The fireball explodes!
The fireball engulfs you!! Why would you want to do that?
Why would you want to do that?
The fire giant gestures at you while chanting.
The bolt of fire misses you. The fire giant casts a spell at you.
The bolt of fire hits you!!
The fire giant points at you and mumbles some strange words.
The fireball explodes!
The fireball engulfs you!
The fire giant gestures at you while chanting.
The fireball explodes!
The fireball engulfs you!!
The fire giant gestures at you while chanting.
The bolt of fire hits you!!
* * * LOW HITPOINT WARNING * * *
The fire giant points at you and mumbles some strange words.
The fireball explodes!
The fireball engulfs you!!
You die...

, ,, , ....####...# * ,
,, .. ...........# *,,,
,.##. ,, ###........###
*, ,,, ..... +..........#
* , .....,** #.......##.#
* #.....* ##.........#.##
*
#.....####.....≈.......#
*
.............≈≈.≈≈.....#
,.......@....#≈≈§.≈#....#
,...#.......≈≈≈≈.§§≈≈...#
* ,#.......≈≈≈...≈≈≈...#
#####...#≈C.>..§#.§.# ,,
* ##..≈≈≈.^.≈≈≈..§# *,, *
#..§≈§≈.≈§≈≈§..# ***
#...#§≈≈≈§#...§#
#....≈≈#≈≈.....#
##.............#


You could see a fire giant.

Vanquished Creatures
  Frances (D:14)
  Gastronok (D:8)
  Kirke (D:14)
  Louise (D:14)
  Azrael (D:14)
  2 entropy weavers (Lair:5)
  3 vault guards (D:13)
  Harold (D:10)
  2 ice dragons (IceCv)
  3 hydras
  A boulder beetle (D:14)
  A centaur warrior (D:13)
  3 two-headed ogres
  A merfolk avatar (Lair:6)
  2 tengu warriors
  7 death yaks
  A queen ant (Lair:5)
  Urug (Lair:4)
  Nergalle (Lair:3)
  Sonja (D:10)
  2 unseen horrors
  A lindwurm (Lair:5)
  A harpy (Lair:6)
  4 manticores
  2 deep elf magi (D:14)
  An oklob plant (Lair:5)
  9 ugly things (D:14)
  7 elephants
  4 cyclopes
  3 black mambas
  2 molten gargoyles (Lair:4)
  2 ice statues (IceCv)
  2 torpor snails
  11 cane toads
  6 rime drakes
  15 komodo dragons
  3 trolls
  2 tengu conjurers
  3 jumping spiders (Lair:3)
  Grinder (D:3)
  9 polar bears
  3 hornets
  12 blink frogs
  2 slime creatures (Lair:6)
  Sigmund (D:2)
  5 wyverns
  A wraith (D:14)
  70 yaks
  2 basilisks
  2 fire elementals (D:14)
  Grum (D:10)
  9 humans (D:13)
  An acid dragon (D:10)
  28 soldier ants
  3 hell hounds (D:14)
  Duvessa (D:5)
  Edmund (D:6)
  14 water moccasins
  8 orc warriors
  3 black bears
  18 ice beasts
  6 ogres
  A sky beast (D:12)
  3 eyes of draining
  3 necrophages
  14 wolves
  12 centaurs
  2 phantoms
  An elf zombie (Ossuary)
  4 big kobolds
  17 bullfrogs
  2 wyvern skeletons
  Dowan (D:5)
  4 scorpions
  A water moccasin skeleton (D:5)
  16 wights
  5 electric eels
  5 howler monkeys
  5 lava snakes (Lair:4)
  5 centaur zombies
  Crazy Yiuf (D:6)
  2 bullfrog zombies
  5 jellies
  10 orc priests
  3 hounds
  3 centaur skeletons
  4 human zombies (Ossuary)
  10 orc wizards
  4 bullfrog skeletons
  5 iguanas
  7 hell rats (Lair:4)
  23 worker ants
  2 mummies (Ossuary)
  2 worker ant zombies
  Robin (D:2)
  8 adders
  7 gnolls (D:3)
  A shadow imp (D:9)
  A white imp (D:6)
  2 ufetubi
  5 oozes
  3 adder zombies
  5 worms
  3 dart slugs
  5 leopard geckos
  35 orcs
  2 bats
  3 giant cockroaches
  18 goblins
  7 hobgoblins
  17 jackals
  7 quokkas
  A ball python (D:5)
  4 frilled lizards
  10 hobgoblin zombies (Ossuary)
  A jackal zombie (Ossuary)
  22 kobolds
  11 kobold zombies (Ossuary)
  4 orc zombies (Ossuary)
  3 quokka zombies
  5 rats
  2 rat zombies (Ossuary)
691 creatures vanquished.

Vanquished Creatures (others)
  An unseen horror (D:14)
  3 humans (D:14)
  An orc priest (D:5)
  28 fungi
  115 plants
148 creatures vanquished.

Grand Total: 839 creatures vanquished

Notes
Turn   | Place    | Note
-------+----------+-------------------------------------------
     0 | D:1      | Borgoz the Ghoul Gladiator began the quest for the Orb.
     0 | D:1      | Reached XP level 1. HP: 17/17 MP: 0/0
    97 | D:1      | Reached XP level 2. HP: 25/25 MP: 1/1
   330 | D:1      | Reached skill level 3 in Long Blades
   517 | D:1      | Reached XP level 3. HP: 30/30 MP: 2/2
   760 | D:2      | Found a blossoming altar of Fedhas.
   804 | D:2      | Noticed Sigmund
   816 | D:2      | Killed Sigmund
   817 | D:2      | Reached XP level 4. HP: 40/40 MP: 3/3
   817 | D:2      | Reached XP level 5. HP: 46/46 MP: 4/4
  1011 | D:2      | Identified the +2 helmet of Ogaurphifetz {Regen+}
  1011 | D:2      | Noticed Robin
  1015 | D:2      | Reached skill level 4 in Long Blades
  1057 | D:2      | Reached XP level 6. HP: 28/52 MP: 5/5
  1062 | D:2      | Killed Robin
  1956 | D:3      | Noticed Grinder
  1980 | D:3      | Killed Grinder
  1981 | D:3      | Reached skill level 5 in Fighting
  1981 | D:3      | Reached XP level 7. HP: 45/61 MP: 6/6
  2284 | D:4      | Reached skill level 5 in Long Blades
  2284 | D:4      | Reached skill level 5 in Dodging
  2408 | D:4      | Found an opulent altar of Gozag.
  2411 | D:4      | Found Micucsaoh's Mass Market.
  2464 | D:4      | Reached XP level 8. HP: 38/70 MP: 3/7
  2521 | D:4      | Found an ornate altar of the Wu Jian Council.
  2731 | D:4      | Found a shimmering blue altar of Sif Muna.
  2731 | D:4      | Found a bloodstained altar of Trog.
  2741 | D:4      | Got a twisted leather armour
  2752 | D:4      | Identified the cursed +0 leather armour "Qurchemo" {rPois
                  | rC+ Dex-5} (You found it on level 4 of the Dungeon)
  2845 | D:4      | Found a basalt altar of Yredelemnul.
  2854 | D:4      | Found a stormy altar of Qazlal.
  3201 | D:5      | Entered Level 5 of the Dungeon
  3256 | D:5      | Found Iceobo's Magic Scroll Shop.
  3260 | D:5      | Bought a scroll of enchant weapon for 90 gold pieces
  3283 | D:5      | Noticed Duvessa
  3285 | D:5      | Noticed Dowan
  3302 | D:5      | Killed Duvessa
  3303 | D:5      | Reached skill level 6 in Long Blades
  3309 | D:5      | Killed Dowan
  3364 | D:5      | Found a sand-covered staircase.
  3386 | Ossuary  | Entered an ossuary
  3552 | Ossuary  | HP: 2/73 [mummy (14)]
  3797 | Ossuary  | Reached XP level 9. HP: 72/79 MP: 8/8
  4373 | D:6      | Found a runed translucent door.
  4374 | D:6      | Noticed Crazy Yiuf
  4442 | D:6      | Reached skill level 7 in Long Blades
  4720 | D:6      | Found Fiphof's Book Emporium.
  4937 | D:6      | Noticed Edmund
  4952 | D:6      | Killed Edmund
  5412 | D:6      | Killed Crazy Yiuf
  5477 | D:7      | Reached XP level 10. HP: 91/91 MP: 9/9
  5711 | D:7      | Reached skill level 8 in Long Blades
  5900 | D:7      | Found a staircase to the Ecumenical Temple.
  6030 | D:8      | Reached skill level 1 in Armour
  6078 | D:8      | Noticed a cyclops
  6097 | D:8      | Killed a cyclops
  6098 | D:8      | Reached skill level 1 in Shields
  6361 | D:8      | Found a shadowy altar of Dithmenos.
  6640 | D:8      | Found a sacrificial altar of Ru.
  6648 | D:8      | Found a snail-covered altar of Cheibriados.
  6648 | D:8      | Noticed Gastronok
  6692 | D:8      | Killed Gastronok
  6904 | Temple   | Entered the Ecumenical Temple
  6941 | Temple   | Became a worshipper of Ashenzari the Shackled
  7208 | D:9      | Found a staircase to the Orcish Mines.
  7270 | D:9      | Reached XP level 11. HP: 96/99 MP: 10/10
  7275 | D:9      | Reached skill level 9 in Long Blades
  7791 | D:10     | Entered Level 10 of the Dungeon
  7860 | D:10     | Noticed Harold
  7881 | D:10     | Killed Harold
  7882 | D:10     | Reached skill level 10 in Fighting
  7894 | D:10     | Killed an unseen horror
  8000 | D:10     | Noticed Sonja
  8035 | D:10     | Killed Sonja
  8214 | D:10     | Noticed a two-headed ogre
  8270 | D:11     | HP: 3/100 [orc warrior/+0 battleaxe (15)]
  8877 | D:11     | Found a stormy altar of Qazlal.
  8967 | D:11     | Found a staircase to the Lair.
  9588 | D:10     | Killed a two-headed ogre
  9589 | D:10     | Reached skill level 10 in Long Blades
  9589 | D:10     | Reached skill level 10 in Dodging
  9801 | D:10     | Noticed Grum
  9814 | D:10     | Killed Grum
  9954 | D:12     | Reached * piety under Ashenzari
  9982 | D:12     | Found a frozen archway.
 10066 | D:12     | Reached XP level 12. HP: 94/107 MP: 11/11
 10167 | IceCv    | Entered an ice cave
 10719 | IceCv    | Noticed an ice dragon
 10723 | IceCv    | Identified the amulet of Hukaischu {Reflect *Contam rN++
                  | Str+10 Int-2 SH+5}
 10734 | IceCv    | Noticed an ice dragon
 10743 | IceCv    | Killed an ice dragon
 10983 | IceCv    | Identified the cursed ring "Ydopneeg" {*Corrode rElec rPois
                  | Str+4 Int-4}
 11004 | IceCv    | Killed an ice dragon
 11260 | D:12     | Found the +2 robe of Vines {NoPotionHeal Regen+7}
 11383 | D:12     | Noticed a five-headed hydra
 11488 | Lair:1   | Entered Level 1 of the Lair of Beasts
 11501 | Lair:1   | Reached skill level 5 in Shields
 11611 | Lair:1   | Reached skill level 5 in Armour
 11668 | Lair:1   | Reached skill level 1 in Evocations
 12122 | Lair:2   | Found a staircase to the Shoals.
 12184 | Lair:2   | Reached skill level 11 in Long Blades
 12383 | Lair:2   | Reached XP level 13. HP: 111/116 MP: 12/12
 12548 | Lair:2   | Reached ** piety under Ashenzari
 13159 | Lair:3   | Noticed Nergalle
 13173 | Lair:3   | Killed Nergalle
 13362 | Lair:3   | Learned a level 3 spell: Confusing Touch
 13769 | Lair:3   | Found a hole to the Spider Nest.
 13919 | Lair:3   | Reached XP level 14. HP: 125/125 MP: 13/13
 14357 | Lair:4   | Reached skill level 12 in Long Blades
 15575 | Lair:5   | Noticed an entropy weaver
 15580 | Lair:5   | Noticed an entropy weaver
 15599 | Lair:5   | Killed an entropy weaver
 15799 | Lair:5   | Killed an entropy weaver
 16095 | Lair:5   | Reached *** piety under Ashenzari
 16165 | Lair:4   | Noticed Urug
 16179 | Lair:4   | Killed Urug
 16522 | Lair:6   | Entered Level 6 of the Lair of Beasts
 16536 | Lair:5   | Reached XP level 15. HP: 102/134 MP: 14/14
 16673 | Lair:6   | Identified the +8 flail "Cuilyorch" {flame, *Corrode rC+
                  | SInv}
 17078 | Lair:6   | Reached skill level 5 in Evocations
 17088 | Lair:6   | Reached skill level 13 in Long Blades
 17329 | Lair:6   | Found a staircase to the Slime Pits.
 17550 | Lair:6   | Found the cursed necklace of Bloodlust {*Rage +Rage Will++
                  | Int-3 Slay+6 *Curse}
 17596 | Lair:6   | Got the uncursed leather armour "Totiant" {rPois rF+++ rN++
                  | Dex-2}
 17980 | Lair:6   | Identified the +7 spear "Ehunept" {vorpal, Will+} (You
                  | found it on level 5 of the Dungeon)
 19297 | D:13     | Reached **** piety under Ashenzari
 19801 | D:13     | Reached skill level 10 in Armour
 19826 | D:13     | Found a gate to the Vaults.
 20119 | D:14     | Reached XP level 16. HP: 143/143 MP: 15/15
 20146 | D:14     | Noticed Louise
 20146 | D:14     | Noticed Kirke
 20153 | D:14     | Noticed a sphinx
 20160 | D:14     | Noticed a sphinx
 20161 | D:14     | Killed Kirke
 20169 | D:14     | Killed Louise
 20388 | D:14     | Noticed Azrael
 20403 | D:14     | Killed Azrael
 20539 | D:14     | Noticed Frances
 20552 | D:14     | Killed Frances
 20660 | D:14     | Found a blossoming altar of Fedhas.
 20881 | D:14     | Reached skill level 14 in Long Blades
 21579 | D:15     | Entered Level 15 of the Dungeon
 21699 | D:15     | Reached ***** piety under Ashenzari
 21849 | D:15     | Found a staircase to the Depths.
 21874 | D:15     | Killed from afar by a fire giant

Illustrated notes

Levels and vault maps discovered:
D:1:      scummos_arrival_checkerplants, layout_rooms,
          minmay_misc_feat_enclosed, chequers_serial_rivers_room_a,
          minmay_small_reverse_x
D:2:      layout_basic, lemuel_round_altar, minmay_pentomino_p2, uniq_robin,
          uniq_sigmund
D:3:      layout_loops_ring, uniq_grinder
D:4:      layout_cave_pools, pdpol_wu_jian_five_deadly_venoms,
          overflow_temple_1_default, nicolae_overflow_quartered_altars,
          dk_noncrumbling_2, minmay_shop_mass, serial_bayou_ford_a
D:5:      layout_rooms, nicolae_ossuary_entry_plus, serial_shops, shop,
          uniq_duvessa
D:6:      layout_basic, serial_shops, nicolae_shop_crystal, uniq_edmund,
          uniq_crazy_yiuf_cottage
D:7:      layout_cave_pools, temple_statues
D:8:      layout_loops_corners, kennysheep_little_box,
          grunt_temple_overflow_open, uniq_gastronok
D:9:      layout_gridville, orc_0_dummy
D:10:     layout_rooms, uniq_harold, uniq_sonja, uniq_grum
D:11:     layout_basic, dpeg_oklobed_lair, serial_co_window_serial,
          co_window_of_opportunity_a, co_window_corner_a, co_window_corner_a,
          co_window_corner_a, co_window_cross_1, co_window_of_opportunity_c,
          co_window_cross_2, co_window_broadway_a, co_window_2corner,
          glass_columns_c, glass_columns_b, glass_columns_c,
          nicolae_qazlal_style_of_elements
D:12:     layout_basic, portal_ice_cave_entry_pillars_1
D:13:     layout_basic, ximxim_vaults_locker_room, minmay_strange_pillars
D:14:     layout_layer_cave, basic_altar, kennysheep_crisscross,
          hangedman_decor_points, serial_bayou_pond_b, uniq_kirke, uniq_azrael,
          uniq_frances, uniq_louise
D:15:     grunt_enter_depths_giant_problem, layout_basic, fountainhead
Temple:   minmay_temple_bridge_abc
Lair:1:   layout_roguey
Lair:2:   layout_cave_pods, shoals_dummy_entry, grunt_megastairs_3,
          serial_bayou_shore_b
Lair:3:   layout_layer_cave, spider_nest_entry_funnel_web, uniq_nergalle
Lair:4:   cheibrodos_magma_flow, layout_misc_corridors,
          cheibrodos_lair_lostbears, uniq_urug
Lair:5:   layout_long_grid, nicolae_quartered_pool_medium,
          chequers_serial_rivers_small_3, minivault_29
Lair:6:   gammafunk_lair_ancient_temple, layout_cave_pods,
          minmay_slime_entry_pillars, ldierk_geyser

Skill      XL: |  1  2  3  4  5  6  7  8  9 10 11 12 13 14 15 16 |
---------------+-------------------------------------------------+-----
Long Blades    | 3 4 5 6 7 8 10 11 12 13 14 | 14.0
Dodging        | 3 4 5 6 7 9 10 11 12 13 | 13.9
Fighting       | 4 5 7 9 10 11 12 13 | 13.3
Armour         | 2 4 5 6 8 10 | 10.7
Shields        | 2 4 5 |  5.0
Evocations     | 2 4 5 |  5.0
Throwing       | |  1.7

Action                   |  1- 3 |  4- 6 |  7- 9 | 10-12 | 13-15 | 16-18 || total
-------------------------+-------+-------+-------+-------+-------+-------++-------
Melee: Long sword        |    77 |   161 |   534 |   541 |       |       ||  1313
       Falchion          |       |       |       |   414 |   391 |       ||   805
       Great sword       |       |       |       |    51 |   734 |   142 ||   927
Throw: Throwing net      |     1 |     1 |     3 |     4 |       |       ||     9
Invok: Curse Item        |       |       |       |       |     3 |       ||     3
Evoke: Wand              |       |       |       |     5 |     3 |     3 ||    11
  Use: Potion            |     1 |     1 |     8 |     5 |     2 |     1 ||    18
       Scroll            |       |     1 |    20 |    15 |     8 |       ||    44
 Stab: Held in net/web   |     1 |     1 |       |     6 |       |       ||     8
       Paralysed         |       |       |       |       |     3 |       ||     3
       Distracted        |       |       |       |       |       |     1 ||     1
Armor: Ring mail         |    19 |    76 |   187 |   351 |   412 |    83 ||  1128
       Skin              |       |     1 |       |       |       |       ||     1
       Ice dragon scales |       |       |       |    11 |       |       ||    11
Dodge: Dodged            |    44 |   135 |   423 |   622 |   930 |   144 ||  2298
Block: Kite shield       |       |       |    83 |       |       |       ||    83
       Buckler           |       |       |       |   212 |   228 |       ||   440
       Reflection        |       |       |       |       |     3 |       ||     3
       Other             |       |       |       |       |   170 |    36 ||   206
       Rpst.: Long sword |    16 |    38 |   114 |   106 |       |       ||   274
       Falchion          |       |       |       |    68 |    71 |       ||   139
       Great sword       |       |       |       |    11 |   191 |    35 ||   237
